 Dungeon Crawl Stone Soup version 0.31.0 (webtiles) character file.

Game seed: 3867472989035218235

186987 qw the Crack Shot (level 18, -4/120 HPs)
             Began as a Gargoyle Hunter on Jan 19, 2024.
             Was a High Priest of Okawaru.
             Slain by a salamander
             ... wielding a +0 spear
              (11 damage)
             ... on level 4 of the Snake Pit.
             The game lasted 00:03:56 (24185 turns).

qw the Crack Shot (Gargoyle Hunter)                Turns: 24185, Time: 00:03:56

Health: -4/120     AC: 38    Str: 17    XL:     18   Next: 49%
Magic:  25/25      EV: 24    Int: 10    God:    Okawaru [*****.]
Gold:   2753       SH:  5    Dex: 25    Spells: 17/17 levels left

rFire   . . .        y - +8 triple crossbow (freeze)
rCold   + . .        (shield currently unavailable)
rNeg    + . .        w - +5 ring mail of Okawaru's Scorn {rPois rC+ Regen+ Slay+2}
rPois   inf          (helmet restricted)
rElec   +            g - +2 cloak of the Thief {*Fog Slay-2 SInv Stlth+}
rCorr   .            j - +2 pair of gloves
SInv    +            v - +2 pair of boots
Will    +....        d - amulet of reflection
Stlth   +++          u - +6 ring of dexterity
HPRegen 1.20/turn    r - +5 ring of evasion
MPRegen 0.19/turn

%: reflection
@: about to teleport, flying, slowed, very slow
A: sickness immunity, AC +13, big wings, negative energy resistance 1,
electricity resistance, torment resistance 1, petrification resistance, beak,
iridescent scales 1, MP-powered wands
a: Renounce Religion, Heroism, Finesse, Duel


You were on level 4 of the Snake Pit.
You worshipped Okawaru.
Okawaru was extremely pleased with you.
You visited 6 branches of the dungeon, and saw 30 of its levels.

You collected 3270 gold pieces.
You spent 517 gold pieces at shops.


Innate Abilities, Weirdness & Mutations

You are immune to sickness and miasma.
Your stone body is resilient. (AC +13)
You are immune to poison.
Your large and strong wings let you fly.
You resist negative energy. (rN+)
You are resistant to electric shocks. (rElec)
You are resistant to unholy torment.
You are immune to petrification.
You have a beak for a mouth.
You are partially covered in iridescent scales. (AC +2)
You expend magic power (3 MP) to strengthen your wands.


   Skills:
 + Level 16.2 Fighting
 - Level 24.0 Ranged Weapons
 - Level 10.1 Armour
 - Level 10.0 Dodging
 - Level 1.1 Stealth
 - Level 10.0 Invocations


You had 17 spell levels left.
You didn't know any spells.
Your spell library was empty.

Inventory:

Hand Weapons
 y - a +8 triple crossbow of freezing (weapon)
Armour
 g - the +2 cloak of the Thief (worn) {*Fog Slay-2 SInv Stlth+}
   (You found it on level 9 of the Dungeon)

   *Fog:      It may release a thick cloud of smoke when the wearer is hurt.
   Slay-2:    It affects your accuracy & damage with ranged weapons and melee
   (-2).
   SInv:      It lets you see invisible.
   Stlth+:    It makes you more stealthy.
 i - a scarf of resistance
 j - a +2 pair of gloves (worn)
 v - a +2 pair of boots (worn)
 w - the +5 ring mail of Okawaru's Scorn (worn) {rPois rC+ Regen+ Slay+2}
   (Okawaru gifted it to you on level 4 of the Lair of Beasts)

   Slay+2:    It affects your accuracy & damage with ranged weapons and melee
   (+2).
   rC+:       It protects you from cold.
   rPois:     It protects you from poison Regen+: It increases your rate of
   health regeneration.
 A - a +2 cloak
Jewellery
 d - an amulet of reflection (around neck)
 r - a +5 ring of evasion (right hand)
 u - a +6 ring of dexterity (left hand)
Wands
 e - a wand of charming (11)
 h - a wand of polymorph (8)
 l - a wand of iceblast (23)
 q - a wand of acid (20)
Scrolls
 b - 12 scrolls of identify
 c - 16 scrolls of teleportation
 x - a scroll of enchant armour
Potions
 a - 4 potions of mutation
 f - 3 potions of resistance
 k - 6 potions of curing
 n - 2 potions of haste
 o - 3 potions of magic
 p - 8 potions of heal wounds
 s - 4 potions of enlightenment
 t - 3 potions of might
 z - a potion of cancellation

Dungeon Overview and Level Annotations

Branches:
Dungeon (15/15)            Temple (1/1) D:7            Lair (5/5) D:10
  Swamp (3/4) Lair:3        Snake (4/4) Lair:3        Slime (0/5) Lair:4
    Orc (2/2) D:11            Elf (0/3) Orc:2        Vaults (0/5) D:13
 Depths (0/4) D:15

Altars:
Ashenzari
Cheibriados
Dithmenos
Elyvilon
Fedhas
Gozag
Hepliaklqana
Kikubaaqudgha
Makhleb
Nemelex Xobeh
Okawaru
Qazlal
Ru
Sif Muna
Trog
Uskayaw
Vehumet
Wu Jian
Xom
Yredelemnul
Zin
The Shining One

Shops:
D:4 [   Orc:2 (??*   Snake:2 [   Snake:3 [(([

Portals:
Trove: D:10 (give +7 demon trident)

Annotations:
Lair:4 1 runed translucent door


Message History

The salamander barely misses you. x2; The mana viper closely misses you.
You block the guardian serpent's attack.
The naga warrior hits you with a +0 scimitar.
The naga warrior constricts you.
The salamander hits you but does no damage.
24183 ||| RETREEEEATING.
You shoot a bolt. The bolt hits the naga warrior!!!
The bolt freezes the naga warrior.
The naga warrior is almost dead.
The mana viper bites you but does no damage.
The guardian serpent coils itself and waves its upper body at you.
You feel yourself slow down. The salamander closely misses you.
The naga warrior roars a battlecry!
The salamanders go into a battle-frenzy!
The naga warrior constricts you.
The salamander hits you but does no damage.
The mana viper completely misses you. The guardian serpent barely misses you.
24184 ||| RETREEEEATING.
You shoot a bolt. The bolt hits the naga warrior!!!
The bolt freezes the naga warrior.
You kill the naga warrior!
Okawaru accepts your kill.
The guardian serpent coils itself and waves its upper body at you.
You feel as though you will be slow longer.
The mana viper closely misses you. You block the salamander's attack.
The salamander hits you but does no damage.
The guardian serpent hits you!
With a swish of your cloak, you release a cloud of fog.
The mana viper misses you. The salamander barely misses you.
The salamander hits you but does no damage.
24185 ||| READING 17 scrolls of teleportation.
As you read the scroll of teleportation, it crumbles to dust.
You feel strangely unstable.
The guardian serpent casts a spell at you.
You easily resist.
You block the mana viper's attack.
The salamander hits you with a +0 glaive!
You are engulfed in flames!
With a swish of your cloak, you release a cloud of fog.
The guardian serpent completely misses you.
The mana viper misses you.
The salamander hits you with a +0 spear!
You die...

#~~~.~~~##..#######
##.~~.~~.#..........
##...~.~..#..........
#.........#..........
##........######.....
#........#....#.....
###......#....#.....
##¤¤....#....#.....
#S@N¤..###...#.####
#.NS¤...# #...#.'..#
#.¤.....###...#.#<..
##.......#'...#.#...
.......###...#.#..#
#.......##....###..#
........###....##..#
#........###....##..#
#.#'#####'##


You could see 2 salamanders, a mana viper and a guardian serpent.

Vanquished Creatures
  2 tentacled monstrosities (Swamp:3)
  Jorgrun (Snake:2)
  Agnes (Snake:1)
  A thorn hunter (Swamp:2)
  A kraken (Swamp:3)
  Donald (Snake:1)
  A nagaraja (Snake:1)
  Aizul (Snake:1)
  A fenstrider witch (Swamp:3)
  Louise (Swamp:3)
  2 eleionomae
  5 bunyips
  A dire elephant (D:15)
  A shambling mangrove (Swamp:3)
  A vault guard (D:13)
  Josephine (D:13)
  A rakshasa (D:15)
  11 hydras
  3 catoblepae
  7 centaur warriors
  10 alligators
  7 anacondas
  A two-headed ogre (D:12)
  6 death yaks (Lair:4)
  6 boulder beetles
  19 naga warriors
  A spriggan berserker (Swamp:3)
  4 tengu warriors
  5 orc high priests (Orc:2)
  Urug (Orc:2)
  5 naga sharpshooters
  9 shock serpents
  Amaemon (Lair:1)
  A skyshark (Lair:4)
  A salamander mystic (Snake:3)
  A sea snake (Snake:3)
  12 skeletal warriors
  9 mana vipers
  3 swamp dragons
  3 goliath frogs
  A glowing orange brain (D:13)
  2 bog bodies (Swamp:3)
  3 naga ritualists
  2 spriggan druids (Swamp:3)
  11 orc knights
  5 deep elf pyromancers
  A harpy (shapeshifter) (D:14)
  7 ugly things (D:14)
  A lindwurm (Lair:4)
  7 cyclopes
  An oklob plant (Lair:5)
  7 manticores
  6 will-o-the-wisps
  Maurice (D:10)
  9 salamanders
  21 black mambas
  3 meliai (D:15)
  Joseph (D:10)
  5 elephants (Lair:4)
  12 slime creatures
  A kobold blastminer (Orc:1)
  6 guardian serpents
  An orange demon (Lair:1)
  17 naga magi
  A gargoyle (D:12)
  14 cane toads
  3 kobold demonologists
  Maggie (Lair:1)
  4 rime drakes
  4 efreet
  Jeremiah (Lair:1)
  4 komodo dragons
  3 unseen horrors
  3 freezing wraiths
  A yaktaur (D:14)
  2 tengu conjurers (D:14)
  11 trolls
  6 bloated husks
  8 tyrant leeches
  10 polar bears
  12 hornets
  17 blink frogs
  15 dream sheep
  A centaur simulacrum (D:14)
  2 shadows
  A hog (shapeshifter) (D:14)
  A culicivora (shapeshifter) (D:15)
  2 vampires
  34 yaks
  A spriggan (shapeshifter) (D:13)
  18 spriggans
  7 basilisks
  4 wyverns
  5 wraiths (D:13)
  9 vampire mosquitoes
  A warg (Orc:1)
  2 steam dragons (D:7)
  12 swamp worms
  3 acid dragons (D:9)
  33 nagas
  3 swamp drakes
  11 water moccasins
  29 orc warriors
  4 ice beasts
  A black bear (shapeshifter) (D:14)
  A meliai simulacrum (D:14)
  4 black bears
  3 ogres
  32 wolves
  4 boggarts (Lair:5)
  13 centaurs
  3 phantoms
  6 kobold brigands
  Blork the orc (D:6)
  9 bullfrogs
  5 gnoll sergeants
  2 scorpions (D:6)
  A wight (D:9)
  A troll zombie (D:11)
  16 killer bees
  5 electric eels (Snake:3)
  A vampire bat (Orc:1)
  8 howler monkeys
  4 jellies
  2 bombardier beetles (D:4)
  2 hounds
  34 orc priests
  2 gnoll boudas
  An iguana (D:5)
  18 orc wizards
  7 hell rats (Lair:2)
  5 ogre zombies (D:11)
  A boggart simulacrum (D:15)
  23 gnolls
  9 adders
  2 shadow imps
  3 white imps
  2 ufetubi (D:6)
  2 dart slugs
  A ribbon worm (D:3)
  76 orcs
  5 endoplasms
  5 giant cockroaches
  3 gnoll zombies (D:11)
  9 goblins
  8 hobgoblins
  4 jackals (D:3)
  3 quokkas
  6 ball pythons
  11 bats
  6 frilled lizards
  A gnoll skeleton (D:11)
  19 kobolds
  6 orc skeletons (D:11)
  9 orc zombies (D:11)
  4 rats
  3 tentacles (Swamp:3)
995 creatures vanquished.

Vanquished Creatures (others)
  A guardian serpent (Snake:1)
  A boggart (Lair:5)
  11 foxfires
  2 tentacles (Swamp:3)
15 creatures vanquished.

Grand Total: 1010 creatures vanquished

Notes
Turn   | Place    | Note
-------+----------+-------------------------------------------
     0 | D:1      | qw the Gargoyle Hunter began the quest for the Orb.
     0 | D:1      | Reached XP level 1. HP: 12/12 MP: 1/1
     0 | D:1      | 0 ||| qw: Version: 0.3-a-132-g3d54051
     0 | D:1      | 0 ||| qw: Game counter: 267
     0 | D:1      | 0 ||| qw: Melee chars always use a shield: true
     0 | D:1      | 0 ||| qw: God list: Okawaru
     0 | D:1      | 0 ||| qw: Allow faded altars: false
     0 | D:1      | 0 ||| qw: Do Orc after clearing Dungeon:15 true
     0 | D:1      | 0 ||| qw: Do second Lair branch before Depths: true
     0 | D:1      | 0 ||| qw: Lair rune preference: random
     0 | D:1      | 0 ||| qw: Goals: Normal
     0 | D:1      | 0 ||| PLANNING D:1-11
   199 | D:1      | Reached XP level 2. HP: 17/17 MP: 2/2
   579 | D:1      | 579 ||| SWAPPING to +0 arbalest.
   580 | D:1      | 580 ||| DROPPING +0 shortbow.
   683 | D:1      | 683 ||| UPGRADING to amulet of the acrobat.
   688 | D:1      | 688 ||| READING scroll labelled SIASTA KIOWN.
   689 | D:1      | 689 ||| READING scroll labelled ORYDWU NA PUB.
   790 | D:1      | 790 ||| READING scroll labelled DIRROT GECIGE.
   793 | D:1      | 793 ||| READING scroll labelled MIPRIE JURO.
   794 | D:1      | 794 ||| READING scroll labelled KIRA FEOPHYHYFA.
   794 | D:1      | 794 ||| BRANDING +0 arbalest.
   795 | D:1      | 795 ||| DRINKING 2 bubbling yellow potions.
   840 | D:1      | 840 ||| DROPPING scroll of butterflies.
   841 | D:1      | 841 ||| DROPPING potion of lignification.
   866 | D:2      | Reached XP level 3. HP: 21/21 MP: 3/3
   870 | D:2      | Reached skill level 5 in Ranged Weapons
   882 | D:2      | Identified the +1 chain mail "Feab" {*Corrode rC++ Int+9}
  1655 | D:2      | 1655 ||| UPGRADING to +0 ring mail.
  1665 | D:2      | 1665 ||| DROPPING +0 leather armour.
  1666 | D:2      | 1666 ||| UPGRADING to +0 pair of gloves.
  1671 | D:2      | 1671 ||| READING scroll labelled VUEHAMUTYI.
  1672 | D:2      | 1672 ||| READING scroll labelled LIOMAE NYPTYAF.
  1673 | D:2      | 1673 ||| DRINKING 2 viscous orange potions.
  1673 | D:2      | Gained mutation: You are partially covered in iridescent
                  | scales. (AC +2) [potion of mutation]
  1673 | D:2      | Gained mutation: You expend magic power (3 MP) to
                  | strengthen your wands. [potion of mutation]
  1673 | D:2      | Gained mutation: You have a beak for a mouth. [potion of
                  | mutation]
  1703 | D:3      | Reached skill level 1 in Armour
  1720 | D:3      | Reached skill level 3 in Fighting
  1720 | D:3      | Reached XP level 4. HP: 28/28 MP: 4/4
  1737 | D:3      | 1737 ||| FLEEEEING.
  1879 | D:3      | 1879 ||| READING 3 scrolls of brand weapon.
  1879 | D:3      | 1879 ||| BRANDING +0 arbalest of chaos.
  1880 | D:3      | 1880 ||| READING 2 scrolls of brand weapon.
  1880 | D:3      | 1880 ||| BRANDING +0 arbalest of flaming.
  1987 | D:3      | Reached XP level 5. HP: 32/32 MP: 5/5
  2089 | D:3      | Reached skill level 6 in Ranged Weapons
  2145 | D:3      | 2145 ||| FLEEEEING.
  2296 | D:3      | 2296 ||| READING scroll labelled FEAR REQOUH.
  2297 | D:3      | 2297 ||| READING scroll labelled YNO WULUA.
  2298 | D:3      | 2298 ||| FLEEEEING.
  2320 | D:3      | 2320 ||| READING scroll labelled ITOME NE LITE.
  2320 | D:3      | 2320 ||| ENCHANTING +0 heavy arbalest.
  2321 | D:3      | 2321 ||| READING scroll labelled GURGHO XOFFODE.
  2322 | D:3      | 2322 ||| READING scroll labelled OTRAIPL FOAT.
  2322 | D:3      | 2322 ||| IDENTIFYING puce potion
  2323 | D:3      | 2323 ||| DRINKING 2 glowing sapphire potions.
  2324 | D:3      | 2324 ||| DROPPING potion of invisibility.
  2325 | D:3      | 2325 ||| DROPPING potion of magic.
  2356 | D:4      | Reached XP level 6. HP: 39/39 MP: 6/6
  2412 | D:4      | Found Teisy's Antique Armour Shoppe.
  2731 | D:4      | Found a sacrificial altar of Ru.
  3050 | D:4      | 3050 ||| UPGRADING to amulet of reflection.
  3060 | D:4      | 3060 ||| DROPPING amulet of the acrobat.
  3061 | D:4      | 3061 ||| DRINKING 2 bubbling blue potions.
  3062 | D:4      | 3062 ||| DROPPING potion of brilliance.
  3107 | D:5      | Entered Level 5 of the Dungeon
  3110 | D:5      | 3110 ||| READING scroll of enchant weapon.
  3110 | D:5      | 3110 ||| ENCHANTING +1 heavy arbalest.
  3145 | D:5      | Reached skill level 7 in Ranged Weapons
  3164 | D:5      | Reached XP level 7. HP: 44/44 MP: 7/7
  3171 | D:5      | 3171 ||| FLEEEEING.
  3416 | D:5      | Reached skill level 8 in Ranged Weapons
  3552 | D:5      | 3552 ||| FLEEEEING.
  3922 | D:5      | 3922 ||| READING scroll of identify.
  3922 | D:5      | 3922 ||| IDENTIFYING fuming grey potion
  3923 | D:5      | 3923 ||| READING scroll labelled YNEUFF JAIGG.
  3924 | D:5      | 3924 ||| FLEEEEING.
  4096 | D:6      | Reached XP level 8. HP: 49/49 MP: 8/8
  4098 | D:6      | 4098 ||| FLEEEEING.
  4104 | D:6      | 4104 ||| STAIRDANCE
  4213 | D:6      | Identified the +2 leather armour of Movus {+Blink Regen+}
  4290 | D:6      | Noticed Blork the orc
  4294 | D:6      | Killed Blork the orc
  4326 | D:6      | 4326 ||| FLEEEEING.
  4335 | D:6      | 4335 ||| DRINKING smoky cyan potion.
  4336 | D:6      | 4336 ||| DRINKING dark potion.
  4337 | D:6      | 4337 ||| DRINKING fuming dark potion.
  4341 | D:6      | 4341 ||| DRINKING fizzy red potion.
  4344 | D:6      | Reached skill level 9 in Ranged Weapons
  4469 | D:6      | Reached skill level 6 in Fighting
  4977 | D:6      | 4977 ||| UPGRADING to +2 leather armour of Movus {+Blink
                  | Regen+}.
  4987 | D:6      | 4987 ||| DROPPING +0 ring mail.
  4988 | D:6      | 4988 ||| UPGRADING to +6 ring of strength.
  4989 | D:6      | 4989 ||| READING scroll of identify.
  4989 | D:6      | 4989 ||| IDENTIFYING fuming yellow potion
  4990 | D:6      | 4990 ||| READING scroll labelled WEIMYA JANIXT.
  4991 | D:6      | 4991 ||| READING scroll labelled BUXKER JERCH.
  5051 | D:7      | 5051 ||| FLEEEEING.
  5107 | D:7      | 5107 ||| RETREEEEATING.
  5108 | D:7      | 5108 ||| RETREEEEATING.
  5112 | D:7      | Reached skill level 10 in Ranged Weapons
  5114 | D:7      | Reached XP level 9. HP: 56/56 MP: 9/9
  5125 | D:7      | 5125 ||| DRINKING potion of curing.
  5125 | D:7      | 5125 ||| (to cure confusion)
  5249 | D:7      | Found a staircase to the Ecumenical Temple.
  5250 | D:7      | 5250 ||| PLANNING TEMPLE
  5250 | D:7      | 5250 ||| DROPPING ring of magical power.
  5251 | D:7      | 5251 ||| DROPPING +6 ring of intelligence.
  5258 | Temple   | Entered the Ecumenical Temple
  5259 | Temple   | 5259 ||| PLANNING D:1-11
  5286 | D:7      | Reached skill level 3 in Dodging
  5462 | D:7      | Found a glowing golden altar of the Shining One.
  5462 | D:7      | Found an iron altar of Okawaru.
  5463 | D:7      | 5463 ||| PLANNING OKAWARU WORSHIP
  5466 | D:7      | Became a worshipper of Warmaster Okawaru
  5467 | D:7      | 5467 ||| PLANNING D:1-11
  5734 | D:8      | Found a shadowy altar of Dithmenos.
  5776 | D:8      | 5776 ||| FLEEEEING.
  5792 | D:8      | 5792 ||| STAIRDANCE
  5855 | D:8      | Identified the +5 mace of Vekh {flame, rN++}
  5912 | D:8      | Reached * piety under Okawaru
  6186 | D:8      | Reached skill level 1 in Invocations
  6187 | D:8      | Reached skill level 11 in Ranged Weapons
  6195 | D:8      | 6195 ||| DRINKING potion of curing.
  6195 | D:8      | 6195 ||| (to cure confusion)
  6206 | D:8      | Found a flagged portal.
  6341 | D:8      | 6341 ||| UPGRADING to +1 pair of gloves.
  6351 | D:8      | 6351 ||| DROPPING +0 pair of gloves.
  6382 | D:9      | 6382 ||| STAIRDANCE
  6389 | D:9      | 6389 ||| STAIRDANCE
  6396 | D:8      | 6396 ||| FLEEEEING.
  6419 | D:9      | 6419 ||| STAIRDANCE
  6445 | D:9      | HP: 8/57 [acid dragon/splash of acid (27)]
  6446 | D:9      | 6446 ||| READING 5 scrolls of teleportation.
  6446 | D:9      | HP: 1/57 [acid dragon (8)]
  6447 | D:9      | 6447 ||| DRINKING potion of heal wounds.
  6449 | D:9      | Reached skill level 3 in Invocations
  6622 | D:9      | Noticed a hornet
  6623 | D:9      | 6623 ||| INVOKING Heroism.
  6625 | D:9      | Killed a hornet
  6626 | D:9      | Reached XP level 10. HP: 64/64 MP: 9/13
  6685 | D:9      | 6685 ||| RETREEEEATING.
  6700 | D:9      | Reached ** piety under Okawaru
  6701 | D:9      | 6701 ||| FLEEEEING.
  6702 | D:9      | 6702 ||| FLEEEEING.
  6703 | D:9      | 6703 ||| FLEEEEING.
  6704 | D:9      | 6704 ||| FLEEEEING.
  6705 | D:9      | 6705 ||| FLEEEEING.
  6706 | D:9      | 6706 ||| FLEEEEING.
  6707 | D:9      | 6707 ||| FLEEEEING.
  6708 | D:9      | 6708 ||| FLEEEEING.
  6709 | D:9      | 6709 ||| FLEEEEING.
  6710 | D:9      | 6710 ||| FLEEEEING.
  6721 | D:9      | 6721 ||| FLEEEEING.
  6726 | D:9      | 6726 ||| STAIRDANCE
  6753 | D:8      | 6753 ||| DROPPING +2 leather armour of willpower.
  6762 | D:9      | 6762 ||| STAIRDANCE
  6764 | D:8      | 6764 ||| FLEEEEING.
  6796 | D:9      | 6796 ||| Stepping randomly (disturbance).
  6797 | D:9      | 6797 ||| Stepping randomly (disturbance).
  6801 | D:9      | 6801 ||| FLEEEEING.
  6804 | D:9      | 6804 ||| STAIRDANCE
  6835 | D:9      | 6835 ||| Stepping randomly (disturbance).
  6836 | D:9      | Killed an unseen horror
  6837 | D:9      | Reached skill level 12 in Ranged Weapons
  6885 | D:9      | Noticed a cyclops
  6886 | D:9      | 6886 ||| RETREEEEATING.
  6897 | D:9      | 6897 ||| INVOKING Heroism.
  6898 | D:9      | Killed a cyclops
  6901 | D:9      | Noticed a tengu warrior
  6902 | D:9      | Killed a tengu warrior
  6902 | D:9      | Reached *** piety under Okawaru
  6903 | D:9      | Reached skill level 13 in Ranged Weapons
  6906 | D:9      | HP: 16/64 [acid dragon (9)]
  6907 | D:9      | 6907 ||| READING 4 scrolls of teleportation.
  6909 | D:9      | 6909 ||| FLEEEEING.
  6913 | D:9      | 6913 ||| STAIRDANCE
  7006 | D:9      | Noticed a manticore
  7006 | D:9      | Noticed a boulder beetle
  7007 | D:9      | 7007 ||| INVOKING Heroism.
  7013 | D:9      | Killed a manticore
  7014 | D:9      | Reached skill level 9 in Fighting
  7017 | D:9      | Reached XP level 11. HP: 42/71 MP: 12/14
  7018 | D:9      | Killed a boulder beetle
  7018 | D:9      | Reached **** piety under Okawaru
  7024 | D:9      | 7024 ||| FLEEEEING.
  7045 | D:9      | Found a burning altar of Makhleb.
  7048 | D:9      | Noticed a green death
  7051 | D:9      | Found a glowing silver altar of Zin.
  7051 | D:9      | Noticed an angel
  7372 | D:9      | Found the +2 cloak of the Thief {*Fog Slay-2 SInv Stlth+}
  7393 | D:9      | Identified the +3 leather armour "Suttad" {-Tele Int+2
                  | Dex+3 Stlth+}
  7407 | D:9      | 7407 ||| UPGRADING to +2 cloak of the Thief {*Fog Slay-2
                  | SInv Stlth+}.
  7432 | D:10     | Entered Level 10 of the Dungeon
  7458 | D:10     | 7458 ||| RETREEEEATING.
  7467 | D:10     | Noticed Maurice
  7468 | D:10     | 7468 ||| INVOKING Finesse.
  7469 | D:10     | 7469 ||| INVOKING Finesse.
  7470 | D:10     | 7470 ||| INVOKING Finesse.
  7471 | D:10     | 7471 ||| INVOKING Finesse.
  7473 | D:10     | Maurice stole 98 gold
  7481 | D:10     | Reached skill level 3 in Armour
  7488 | D:10     | Killed Maurice
  7506 | D:10     | 7506 ||| FLEEEEING.
  7729 | D:10     | Found a portal to a secret trove of treasure.
  7785 | D:10     | Noticed Joseph
  7791 | D:10     | Killed Joseph
  7792 | D:10     | 7792 ||| FLEEEEING.
  7801 | D:10     | Found a staircase to the Lair.
  7805 | D:10     | 7805 ||| INVOKING Finesse.
  7806 | D:10     | 7806 ||| INVOKING Heroism.
  7812 | D:10     | Reached skill level 6 in Invocations
  7827 | D:10     | Reached skill level 14 in Ranged Weapons
  7950 | D:10     | 7950 ||| RETREEEEATING.
  7952 | D:10     | 7952 ||| RETREEEEATING.
  7953 | D:10     | 7953 ||| RETREEEEATING.
  7954 | D:10     | 7954 ||| RETREEEEATING.
  7955 | D:10     | 7955 ||| RETREEEEATING.
  7956 | D:10     | 7956 ||| RETREEEEATING.
  7957 | D:10     | 7957 ||| RETREEEEATING.
  7958 | D:10     | 7958 ||| RETREEEEATING.
  7962 | D:10     | 7962 ||| RETREEEEATING.
  7968 | D:10     | 7968 ||| RETREEEEATING.
  7968 | D:10     | Noticed a sun demon
  7969 | D:10     | 7969 ||| INVOKING Finesse.
  7971 | D:10     | 7971 ||| ZAPPING wand of acid (14) at 3,-1 (sun demon;
                  | floor).
  7973 | D:10     | 7973 ||| ZAPPING wand of acid (13) at 3,-1 (sun demon;
                  | floor).
  7974 | D:10     | 7974 ||| ZAPPING wand of acid (12) at 2,-1 (sun demon;
                  | floor).
  7975 | D:10     | 7975 ||| ZAPPING wand of acid (11) at 2,-1 (sun demon;
                  | floor).
  8246 | D:10     | 8246 ||| PLANNING LAIR
  8246 | D:10     | 8246 ||| UPGRADING to +5 ring of evasion.
  8247 | D:10     | 8247 ||| DROPPING ring of resist corrosion.
  8317 | Lair:1   | Entered Level 1 of the Lair of Beasts
  8323 | Lair:1   | Noticed Maggie
  8331 | Lair:1   | Killed Maggie
  8397 | Lair:1   | Noticed Amaemon
  8398 | Lair:1   | 8398 ||| INVOKING Finesse.
  8410 | Lair:1   | Killed Amaemon
  8556 | Lair:1   | 8556 ||| FLEEEEING.
  8586 | Lair:1   | Reached ***** piety under Okawaru
  8599 | Lair:1   | Received a gift from Okawaru
  8605 | Lair:1   | Reached XP level 12. HP: 77/77 MP: 18/18
  8679 | Lair:1   | Noticed Jeremiah
  8683 | Lair:1   | 8683 ||| RETREEEEATING.
  8684 | Lair:1   | 8684 ||| RETREEEEATING.
  8685 | Lair:1   | 8685 ||| RETREEEEATING.
  8703 | Lair:1   | 8703 ||| READING 5 scrolls of identify.
  8703 | Lair:1   | 8703 ||| IDENTIFYING golden potion
  8714 | Lair:1   | 8714 ||| READING 4 scrolls of identify.
  8714 | Lair:1   | 8714 ||| IDENTIFYING fizzy sapphire potion
  8714 | Lair:1   | HP: 18/77 [Jeremiah/divine providence (12)]
  8716 | Lair:1   | HP: 7/77 [Jeremiah/divine providence (13)]
  8755 | Lair:1   | 8755 ||| FLEEEEING.
  8766 | Lair:1   | Killed Jeremiah
  8999 | Lair:1   | Reached skill level 9 in Invocations
  9061 | Lair:1   | Noticed a boulder beetle
  9062 | Lair:1   | 9062 ||| INVOKING Finesse.
  9073 | Lair:1   | Killed a boulder beetle
  9117 | Lair:1   | 9117 ||| FLEEEEING.
  9404 | Lair:1   | 9404 ||| DROPPING amulet of magic regeneration.
  9405 | Lair:1   | 9405 ||| READING 4 scrolls of identify.
  9405 | Lair:1   | 9405 ||| IDENTIFYING scroll labelled HONWOD JUOQ
  9406 | Lair:1   | 9406 ||| READING scroll of enchant armour.
  9406 | Lair:1   | 9406 ||| ENCHANTING +1 pair of gloves.
  9490 | Lair:2   | Reached skill level 15 in Ranged Weapons
  9522 | Lair:2   | Identified the +2 leather armour "Haosk" {-Tele Str+6}
  9559 | Lair:2   | 9559 ||| DROPPING +2 leather armour "Haosk" {-Tele Str+6}.
  9968 | Lair:2   | 9968 ||| UPGRADING to +0 pair of boots.
  9974 | Lair:2   | 9974 ||| RETREEEEATING.
 10111 | Lair:2   | 10111 ||| UPGRADING to +6 ring of dexterity.
 10113 | Lair:2   | 10113 ||| DROPPING +6 ring of strength.
 10147 | Lair:3   | 10147 ||| RETREEEEATING.
 10148 | Lair:3   | 10148 ||| RETREEEEATING.
 10149 | Lair:3   | 10149 ||| RETREEEEATING.
 10150 | Lair:3   | 10150 ||| RETREEEEATING.
 10151 | Lair:3   | 10151 ||| RETREEEEATING.
 10152 | Lair:3   | 10152 ||| RETREEEEATING.
 10153 | Lair:3   | 10153 ||| RETREEEEATING.
 10154 | Lair:3   | 10154 ||| RETREEEEATING.
 10155 | Lair:3   | 10155 ||| RETREEEEATING.
 10156 | Lair:3   | 10156 ||| RETREEEEATING.
 10157 | Lair:3   | 10157 ||| RETREEEEATING.
 10158 | Lair:3   | 10158 ||| RETREEEEATING.
 10159 | Lair:3   | 10159 ||| RETREEEEATING.
 10160 | Lair:3   | 10160 ||| STAIRDANCE
 10170 | Lair:3   | 10170 ||| STAIRDANCE
 10180 | Lair:3   | 10180 ||| STAIRDANCE
 10191 | Lair:3   | 10191 ||| STAIRDANCE
 10195 | Lair:2   | Received a gift from Okawaru
 10207 | Lair:3   | 10207 ||| RETREEEEATING.
 10210 | Lair:3   | 10210 ||| RETREEEEATING.
 10211 | Lair:3   | 10211 ||| RETREEEEATING.
 10212 | Lair:3   | 10212 ||| RETREEEEATING.
 10213 | Lair:3   | 10213 ||| RETREEEEATING.
 10214 | Lair:3   | 10214 ||| RETREEEEATING.
 10215 | Lair:3   | 10215 ||| RETREEEEATING.
 10216 | Lair:3   | 10216 ||| RETREEEEATING.
 10218 | Lair:3   | 10218 ||| RETREEEEATING.
 10219 | Lair:3   | 10219 ||| RETREEEEATING.
 10220 | Lair:3   | 10220 ||| RETREEEEATING.
 10221 | Lair:3   | 10221 ||| RETREEEEATING.
 10222 | Lair:3   | 10222 ||| STAIRDANCE
 10228 | Lair:3   | 10228 ||| STAIRDANCE
 10234 | Lair:3   | 10234 ||| STAIRDANCE
 10240 | Lair:3   | 10240 ||| STAIRDANCE
 10244 | Lair:2   | Reached skill level 6 in Dodging
 10246 | Lair:3   | 10246 ||| STAIRDANCE
 10251 | Lair:3   | 10251 ||| STAIRDANCE
 10257 | Lair:3   | 10257 ||| STAIRDANCE
 10263 | Lair:3   | 10263 ||| STAIRDANCE
 10268 | Lair:3   | 10268 ||| STAIRDANCE
 10276 | Lair:3   | 10276 ||| STAIRDANCE
 10291 | Lair:3   | Noticed a catoblepas
 10292 | Lair:3   | 10292 ||| INVOKING Finesse.
 10298 | Lair:3   | Killed a catoblepas
 10331 | Lair:3   | Reached XP level 13. HP: 82/82 MP: 20/20
 10355 | Lair:3   | Found a staircase to the Swamp.
 10368 | Lair:3   | Received a gift from Okawaru
 10393 | Lair:3   | 10393 ||| FLEEEEING.
 10416 | Lair:3   | Reached skill level 16 in Ranged Weapons
 10474 | Lair:3   | 10474 ||| READING scroll of enchant armour.
 10474 | Lair:3   | 10474 ||| ENCHANTING +0 pair of boots.
 10478 | Lair:3   | 10478 ||| RETREEEEATING.
 10479 | Lair:3   | 10479 ||| RETREEEEATING.
 10481 | Lair:3   | 10481 ||| RETREEEEATING.
 10483 | Lair:3   | 10483 ||| RETREEEEATING.
 10485 | Lair:3   | 10485 ||| RETREEEEATING.
 10489 | Lair:3   | 10489 ||| RETREEEEATING.
 10767 | Lair:3   | Found a staircase to the Snake Pit.
 10774 | Lair:3   | Identified the +0 dagger of the Coin {vamp, rElec}
 11091 | Lair:4   | Reached ****** piety under Okawaru
 11097 | Lair:4   | 11097 ||| RETREEEEATING.
 11098 | Lair:4   | 11098 ||| RETREEEEATING.
 11099 | Lair:4   | 11099 ||| RETREEEEATING.
 11100 | Lair:4   | 11100 ||| RETREEEEATING.
 11101 | Lair:4   | 11101 ||| RETREEEEATING.
 11102 | Lair:4   | 11102 ||| RETREEEEATING.
 11103 | Lair:4   | 11103 ||| RETREEEEATING.
 11104 | Lair:4   | 11104 ||| RETREEEEATING.
 11105 | Lair:4   | 11105 ||| RETREEEEATING.
 11106 | Lair:4   | 11106 ||| RETREEEEATING.
 11107 | Lair:4   | 11107 ||| RETREEEEATING.
 11108 | Lair:4   | 11108 ||| RETREEEEATING.
 11109 | Lair:4   | 11109 ||| RETREEEEATING.
 11110 | Lair:4   | 11110 ||| RETREEEEATING.
 11111 | Lair:4   | 11111 ||| RETREEEEATING.
 11112 | Lair:4   | 11112 ||| RETREEEEATING.
 11113 | Lair:4   | 11113 ||| RETREEEEATING.
 11114 | Lair:4   | 11114 ||| INVOKING Finesse.
 11132 | Lair:4   | Received a gift from Okawaru
 11146 | Lair:4   | 11146 ||| INVOKING Receive Weapon.
 11146 | Lair:4   | 11146 ||| ACQUIRING +3 heavy longbow
 11146 | Lair:4   | Acquired a +3 heavy longbow
 11146 | Lair:4   | Received a gift from Okawaru
 11147 | Lair:4   | 11147 ||| INVOKING Receive Armour.
 11147 | Lair:4   | 11147 ||| ACQUIRING +5 ring mail of Okawaru's Scorn {rPois
                  | rC+ Regen+ Slay+2}
 11147 | Lair:4   | Acquired the +5 ring mail of Okawaru's Scorn {rPois rC+
                  | Regen+ Slay+2}
 11147 | Lair:4   | Received a gift from Okawaru
 11149 | Lair:4   | 11149 ||| SWAPPING to +3 heavy longbow.
 11150 | Lair:4   | 11150 ||| DROPPING +2 heavy arbalest.
 11233 | Lair:4   | 11233 ||| RETREEEEATING.
 11235 | Lair:4   | 11235 ||| RETREEEEATING.
 11238 | Lair:4   | 11238 ||| RETREEEEATING.
 11240 | Lair:4   | 11240 ||| RETREEEEATING.
 11241 | Lair:4   | 11241 ||| RETREEEEATING.
 11242 | Lair:4   | 11242 ||| RETREEEEATING.
 11243 | Lair:4   | 11243 ||| RETREEEEATING.
 11244 | Lair:4   | 11244 ||| RETREEEEATING.
 11245 | Lair:4   | 11245 ||| RETREEEEATING.
 11271 | Lair:4   | 11271 ||| FLEEEEING.
 11414 | Lair:4   | Reached skill level 17 in Ranged Weapons
 11459 | Lair:4   | Found a dark tunnel.
 11807 | Lair:4   | Received a gift from Okawaru
 11838 | Lair:4   | Found a runed translucent door.
 11839 | Lair:4   | Found a staircase to the Slime Pits.
 11839 | Lair:4   | Noticed an acid blob
 11988 | Lair:4   | 11988 ||| DROPPING +3 leather armour "Suttad" {-Tele Int+2
                  | Dex+3 Stlth+}.
 11989 | Lair:4   | 11989 ||| UPGRADING to +5 ring mail of Okawaru's Scorn
                  | {rPois rC+ Regen+ Slay+2}.
 11999 | Lair:4   | 11999 ||| DROPPING +2 leather armour of Movus {+Blink
                  | Regen+}.
 12026 | Lair:5   | Entered Level 5 of the Lair of Beasts
 12046 | Lair:5   | Reached skill level 6 in Armour
 12067 | Lair:5   | 12067 ||| RETREEEEATING.
 12071 | Lair:5   | Gained mutation: Your large and strong wings let you fly.
                  | [Gargoyle growth]
 12071 | Lair:5   | Reached XP level 14. HP: 77/90 MP: 21/21
 12073 | Lair:5   | 12073 ||| RETREEEEATING.
 12074 | Lair:5   | 12074 ||| RETREEEEATING.
 12084 | Lair:5   | 12084 ||| INVOKING Finesse.
 12094 | Lair:5   | 12094 ||| INVOKING Heroism.
 12177 | Lair:5   | Received a gift from Okawaru
 12180 | Lair:5   | Reached skill level 18 in Ranged Weapons
 12238 | Lair:5   | 12238 ||| RETREEEEATING.
 12249 | Lair:5   | 12249 ||| RETREEEEATING.
 12250 | Lair:5   | 12250 ||| RETREEEEATING.
 12251 | Lair:5   | 12251 ||| RETREEEEATING.
 12254 | Lair:5   | 12254 ||| RETREEEEATING.
 12255 | Lair:5   | 12255 ||| RETREEEEATING.
 12256 | Lair:5   | 12256 ||| RETREEEEATING.
 12257 | Lair:5   | 12257 ||| RETREEEEATING.
 12258 | Lair:5   | 12258 ||| RETREEEEATING.
 12282 | Lair:5   | Identified the +0 scale mail of the Ego {rElec rF- Str+6
                  | SInv}
 12426 | Lair:5   | 12426 ||| RETREEEEATING.
 12427 | Lair:5   | 12427 ||| RETREEEEATING.
 12509 | Lair:5   | 12509 ||| RETREEEEATING.
 12511 | Lair:5   | 12511 ||| RETREEEEATING.
 12558 | Lair:5   | Reached skill level 12 in Fighting
 12673 | Lair:5   | 12673 ||| RETREEEEATING.
 12681 | Lair:5   | 12681 ||| RETREEEEATING.
 12682 | Lair:5   | 12682 ||| RETREEEEATING.
 12689 | Lair:5   | Received a gift from Okawaru
 12703 | Lair:5   | 12703 ||| FLEEEEING.
 12869 | Lair:5   | Identified the +9 plate armour "Hanudd" {*Corrode Regen+
                  | Int+5}
 13104 | Lair:5   | 13104 ||| INVOKING Finesse.
 13161 | Lair:5   | 13161 ||| PLANNING D:1-11
 13161 | Lair:5   | 13161 ||| DROPPING amulet of regeneration.
 13162 | Lair:5   | 13162 ||| DROPPING ring of positive energy.
 13163 | Lair:5   | 13163 ||| DROPPING ring of see invisible.
 13410 | D:11     | Found a staircase to the Orcish Mines.
 13575 | D:11     | 13575 ||| RETREEEEATING.
 13578 | D:11     | 13578 ||| RETREEEEATING.
 13582 | D:11     | 13582 ||| RETREEEEATING.
 13591 | D:11     | 13591 ||| FLEEEEING.
 14234 | D:11     | 14234 ||| PLANNING D
 14332 | D:12     | 14332 ||| READING scroll of enchant armour.
 14332 | D:12     | 14332 ||| ENCHANTING +1 pair of boots.
 14351 | D:12     | Received a gift from Okawaru
 14352 | D:12     | 14352 ||| RETREEEEATING.
 14353 | D:12     | 14353 ||| RETREEEEATING.
 14354 | D:12     | 14354 ||| RETREEEEATING.
 14355 | D:12     | 14355 ||| RETREEEEATING.
 14356 | D:12     | 14356 ||| RETREEEEATING.
 14374 | D:12     | Reached skill level 19 in Ranged Weapons
 14722 | D:12     | 14722 ||| RETREEEEATING.
 14939 | D:13     | 14939 ||| RETREEEEATING.
 14940 | D:13     | 14940 ||| RETREEEEATING.
 14941 | D:13     | 14941 ||| RETREEEEATING.
 14943 | D:13     | Received a gift from Okawaru
 14954 | D:13     | Reached XP level 15. HP: 98/98 MP: 22/22
 15051 | D:13     | 15051 ||| READING scroll of enchant weapon.
 15051 | D:13     | 15051 ||| ENCHANTING +3 heavy longbow.
 15372 | D:13     | Noticed Josephine
 15378 | D:13     | Killed Josephine
 15448 | D:13     | 15448 ||| RETREEEEATING.
 15458 | D:13     | 15458 ||| FLEEEEING.
 15463 | D:13     | 15463 ||| STAIRDANCE
 15476 | D:12     | 15476 ||| READING 9 scrolls of identify.
 15476 | D:12     | 15476 ||| IDENTIFYING clear potion
 15560 | D:13     | Found a gate to the Vaults.
 15563 | D:13     | 15563 ||| DRINKING 5 potions of curing.
 15563 | D:13     | 15563 ||| (to cure confusion)
 15564 | D:13     | 15564 ||| DRINKING 4 potions of curing.
 15564 | D:13     | 15564 ||| (to cure confusion)
 15566 | D:13     | 15566 ||| RETREEEEATING.
 15567 | D:13     | 15567 ||| RETREEEEATING.
 15569 | D:13     | 15569 ||| RETREEEEATING.
 15572 | D:13     | 15572 ||| RETREEEEATING.
 15573 | D:13     | 15573 ||| RETREEEEATING.
 15574 | D:13     | 15574 ||| RETREEEEATING.
 15575 | D:13     | 15575 ||| RETREEEEATING.
 15577 | D:13     | 15577 ||| DRINKING 3 potions of curing.
 15577 | D:13     | 15577 ||| (to cure confusion)
 15578 | D:13     | 15578 ||| INVOKING Finesse.
 15579 | D:13     | 15579 ||| INVOKING Finesse.
 15982 | D:14     | Received a gift from Okawaru
 16050 | D:14     | Identified the +4 long sword "Pezi" {antimagic, rF+}
 16220 | D:14     | 16220 ||| RETREEEEATING.
 16221 | D:14     | 16221 ||| RETREEEEATING.
 16223 | D:14     | 16223 ||| RETREEEEATING.
 16224 | D:14     | 16224 ||| RETREEEEATING.
 16225 | D:14     | 16225 ||| RETREEEEATING.
 16226 | D:14     | 16226 ||| RETREEEEATING.
 16289 | D:14     | Reached skill level 20 in Ranged Weapons
 16297 | D:14     | Received a gift from Okawaru
 16329 | D:14     | 16329 ||| RETREEEEATING.
 16338 | D:14     | 16338 ||| RETREEEEATING.
 16339 | D:14     | 16339 ||| RETREEEEATING.
 16342 | D:14     | 16342 ||| RETREEEEATING.
 16353 | D:14     | Reached skill level 9 in Dodging
 16357 | D:14     | 16357 ||| FLEEEEING.
 16417 | D:14     | 16417 ||| FLEEEEING.
 16440 | D:14     | 16440 ||| FLEEEEING.
 16503 | D:14     | 16503 ||| SWAPPING to +7 triple crossbow.
 16504 | D:14     | 16504 ||| DROPPING +4 heavy longbow.
 16505 | D:14     | 16505 ||| READING 2 scrolls of brand weapon.
 16505 | D:14     | 16505 ||| BRANDING +7 triple crossbow.
 16506 | D:14     | 16506 ||| READING scroll of brand weapon.
 16506 | D:14     | 16506 ||| BRANDING +7 triple crossbow of draining.
 16680 | D:15     | Entered Level 15 of the Dungeon
 16701 | D:15     | Received a gift from Okawaru
 16708 | D:15     | 16708 ||| FLEEEEING.
 16744 | D:15     | Found an ancient bone altar of Kikubaaqudgha.
 16907 | D:15     | 16907 ||| RETREEEEATING.
 16910 | D:15     | 16910 ||| RETREEEEATING.
 16929 | D:15     | Reached XP level 16. HP: 94/106 MP: 23/23
 17059 | D:15     | 17059 ||| FLEEEEING.
 17068 | D:15     | 17068 ||| STAIRDANCE
 17159 | D:15     | Found a staircase to the Depths.
 17392 | D:15     | 17392 ||| PLANNING ORC
 17483 | Orc:1    | Entered Level 1 of the Orcish Mines
 17485 | Orc:1    | Received a gift from Okawaru
 17970 | Orc:2    | Entered Level 2 of the Orcish Mines
 17971 | Orc:2    | Found a staircase to the Elven Halls.
 18071 | Orc:2    | 18071 ||| INVOKING Finesse.
 18171 | Orc:2    | 18171 ||| INVOKING Finesse.
 18195 | Orc:2    | 18195 ||| ZAPPING wand of acid (15) at -1,2 (orc knight;
                  | floor).
 18196 | Orc:2    | 18196 ||| ZAPPING wand of acid (14) at -1,2 (orc knight;
                  | floor).
 18197 | Orc:2    | 18197 ||| ZAPPING wand of acid (13) at -1,2 (orc knight;
                  | floor).
 18198 | Orc:2    | 18198 ||| ZAPPING wand of acid (12) at -1,2 (orc knight;
                  | floor).
 18201 | Orc:2    | Reached skill level 21 in Ranged Weapons
 18201 | Orc:2    | 18201 ||| ZAPPING wand of acid (11) at -1,2 (orc knight;
                  | floor).
 18202 | Orc:2    | 18202 ||| ZAPPING wand of acid (10) at -1,2 (orc knight;
                  | floor).
 18203 | Orc:2    | 18203 ||| INVOKING Heroism.
 18333 | Orc:2    | Found Kol Utas's Antique Weapon Boutique.
 18333 | Orc:2    | Found Jeatzuz's Assorted Antiques.
 18334 | Orc:2    | Found Fefaim's Magic Scroll Boutique.
 18334 | Orc:2    | Found Ruhaenu's Magic Scroll Shop.
 18342 | Orc:2    | 18342 ||| BUYING potion of heal wounds (125 gold).
 18342 | Orc:2    | Bought a potion of heal wounds for 125 gold pieces
 18342 | Orc:2    | 18342 ||| BUYING potion of heal wounds (125 gold).
 18342 | Orc:2    | Bought a potion of heal wounds for 125 gold pieces
 18342 | Orc:2    | 18342 ||| BUYING scroll of teleportation (75 gold).
 18342 | Orc:2    | Bought a scroll of teleportation for 75 gold pieces
 18343 | Orc:2    | 18343 ||| BUYING scroll of teleportation (42 gold).
 18343 | Orc:2    | Bought a scroll of teleportation for 42 gold pieces
 18343 | Orc:2    | 18343 ||| BUYING scroll of teleportation (42 gold).
 18343 | Orc:2    | Bought a scroll of teleportation for 42 gold pieces
 18345 | Orc:2    | 18345 ||| BUYING scroll of teleportation (36 gold).
 18345 | Orc:2    | Bought a scroll of teleportation for 36 gold pieces
 18345 | Orc:2    | 18345 ||| BUYING scroll of teleportation (36 gold).
 18345 | Orc:2    | Bought a scroll of teleportation for 36 gold pieces
 18345 | Orc:2    | 18345 ||| BUYING scroll of teleportation (36 gold).
 18345 | Orc:2    | Bought a scroll of teleportation for 36 gold pieces
 18576 | Orc:2    | Noticed Urug
 18586 | Orc:2    | Killed Urug
 18586 | Orc:2    | Received a gift from Okawaru
 18587 | Orc:2    | Reached skill level 9 in Armour
 18587 | Orc:2    | 18587 ||| FLEEEEING.
 18884 | Orc:2    | 18884 ||| PLANNING SNAKE:1-3
 19054 | Snake:1  | Entered Level 1 of the Snake Pit
 19057 | Snake:1  | 19057 ||| STAIRDANCE
 19062 | Snake:1  | 19062 ||| STAIRDANCE
 19069 | Lair:3   | 19069 ||| FLEEEEING.
 19120 | Snake:1  | 19120 ||| STAIRDANCE
 19163 | Snake:1  | 19163 ||| RETREEEEATING.
 19165 | Snake:1  | 19165 ||| ZAPPING wand of acid (9) at 1,3 (naga warrior;
                  | floor).
 19166 | Snake:1  | 19166 ||| ZAPPING wand of acid (8) at 1,3 (naga warrior;
                  | floor).
 19167 | Snake:1  | 19167 ||| ZAPPING wand of acid (7) at 0,2 (naga warrior;
                  | floor).
 19168 | Snake:1  | 19168 ||| INVOKING Heroism.
 19174 | Snake:1  | Noticed a nagaraja
 19175 | Snake:1  | 19175 ||| RETREEEEATING.
 19178 | Snake:1  | Reached skill level 15 in Fighting
 19181 | Snake:1  | Killed a nagaraja
 19192 | Snake:1  | Received a gift from Okawaru
 19195 | Snake:1  | 19195 ||| FLEEEEING.
 19205 | Snake:1  | 19205 ||| STAIRDANCE
 19237 | Lair:3   | 19237 ||| FLEEEEING.
 19314 | Snake:1  | Identified the +0 orcbow of Misery {flame, Will- Str+4}
 19430 | Snake:1  | 19430 ||| INVOKING Finesse.
 19435 | Snake:1  | Noticed Agnes
 19442 | Snake:1  | Killed Agnes
 19443 | Snake:1  | Noticed Donald
 19449 | Snake:1  | 19449 ||| INVOKING Heroism.
 19457 | Snake:1  | Killed Donald
 19692 | Snake:1  | 19692 ||| FLEEEEING.
 19693 | Snake:1  | 19693 ||| FLEEEEING.
 19694 | Snake:1  | 19694 ||| FLEEEEING.
 19726 | Snake:1  | 19726 ||| INVOKING Finesse.
 19808 | Snake:1  | Reached XP level 17. HP: 113/113 MP: 24/24
 19809 | Snake:1  | Identified the serpent talisman of Pan-Flutes {Int+4 Dex-3}
 19809 | Snake:1  | Noticed Aizul
 19821 | Snake:1  | Killed Aizul
 20065 | Snake:1  | Reached skill level 22 in Ranged Weapons
 20221 | Snake:2  | Received a gift from Okawaru
 20234 | Snake:2  | Noticed Jorgrun
 20235 | Snake:2  | 20235 ||| INVOKING Finesse.
 20239 | Snake:2  | Killed Jorgrun
 20395 | Snake:2  | Identified the +6 quarterstaff of the Penguin {flame,
                  | Dex+3}
 20471 | Snake:2  | Found Offohit's Antique Armour Shop.
 21035 | Snake:2  | 21035 ||| READING 12 scrolls of identify.
 21035 | Snake:2  | 21035 ||| IDENTIFYING glowing clear potion
 21036 | Snake:2  | 21036 ||| READING 11 scrolls of identify.
 21036 | Snake:2  | 21036 ||| IDENTIFYING yellow potion
 21037 | Snake:2  | 21037 ||| DROPPING potion of ambrosia.
 21038 | Snake:2  | 21038 ||| DROPPING potion of degeneration.
 21086 | Snake:3  | Found a hide-covered altar of Uskayaw.
 21128 | Snake:3  | 21128 ||| RETREEEEATING.
 21129 | Snake:3  | 21129 ||| RETREEEEATING.
 21130 | Snake:3  | 21130 ||| RETREEEEATING.
 21131 | Snake:3  | 21131 ||| RETREEEEATING.
 21242 | Snake:3  | 21242 ||| RETREEEEATING.
 21243 | Snake:3  | 21243 ||| RETREEEEATING.
 21244 | Snake:3  | 21244 ||| RETREEEEATING.
 21245 | Snake:3  | 21245 ||| RETREEEEATING.
 21246 | Snake:3  | 21246 ||| RETREEEEATING.
 21247 | Snake:3  | 21247 ||| RETREEEEATING.
 21248 | Snake:3  | 21248 ||| RETREEEEATING.
 21249 | Snake:3  | 21249 ||| RETREEEEATING.
 21250 | Snake:3  | 21250 ||| RETREEEEATING.
 21251 | Snake:3  | 21251 ||| INVOKING Finesse.
 21349 | Snake:3  | 21349 ||| INVOKING Finesse.
 21394 | Snake:3  | Found Laguyh's Armour Boutique.
 21396 | Snake:3  | Found Liod's Antique Weapon Boutique.
 21396 | Snake:3  | Found Pugic's Antique Weapon Shop.
 21401 | Snake:3  | Found Utys's Antique Armour Shop.
 21478 | Snake:3  | 21478 ||| INVOKING Finesse.
 21794 | Snake:3  | Identified the +4 dagger "Letuudd" {flame, rN+ Str+3}
 21804 | Snake:3  | 21804 ||| PLANNING SWAMP:1-3
 21894 | Swamp:1  | Entered Level 1 of the Swamp
 21947 | Swamp:1  | Received a gift from Okawaru
 22011 | Swamp:1  | Identified the +0 robe "Wemyqih" {Archmagi}
 22162 | Swamp:1  | Reached skill level 23 in Ranged Weapons
 22189 | Swamp:1  | 22189 ||| RETREEEEATING.
 22190 | Swamp:1  | 22190 ||| RETREEEEATING.
 22220 | Swamp:1  | Identified the +9 plate armour of Gob Erar {rPois rF+ Will+
                  | MP+9}
 22365 | Swamp:2  | 22365 ||| FLEEEEING.
 22381 | Swamp:2  | Received a gift from Okawaru
 22403 | Swamp:2  | 22403 ||| FLEEEEING.
 22571 | Swamp:2  | 22571 ||| READING scroll of enchant weapon.
 22571 | Swamp:2  | 22571 ||| ENCHANTING +7 triple crossbow of freezing.
 22948 | Swamp:3  | Noticed a tentacled monstrosity
 22949 | Swamp:3  | 22949 ||| RETREEEEATING.
 22951 | Swamp:3  | 22951 ||| RETREEEEATING.
 22952 | Swamp:3  | 22952 ||| INVOKING Finesse.
 22956 | Swamp:3  | Killed a tentacled monstrosity
 22957 | Swamp:3  | Reached XP level 18. HP: 94/120 MP: 19/25
 23024 | Swamp:3  | Received a gift from Okawaru
 23042 | Swamp:3  | 23042 ||| FLEEEEING.
 23043 | Swamp:3  | 23043 ||| FLEEEEING.
 23044 | Swamp:3  | 23044 ||| FLEEEEING.
 23045 | Swamp:3  | 23045 ||| FLEEEEING.
 23046 | Swamp:3  | 23046 ||| FLEEEEING.
 23048 | Swamp:3  | 23048 ||| FLEEEEING.
 23056 | Swamp:3  | 23056 ||| STAIRDANCE
 23115 | Swamp:2  | 23115 ||| DROPPING wand of mindburst (19).
 23160 | Swamp:3  | Noticed Louise
 23174 | Swamp:3  | Killed Louise
 23378 | Swamp:3  | Noticed a tentacled monstrosity
 23379 | Swamp:3  | 23379 ||| INVOKING Finesse.
 23382 | Swamp:3  | Killed a tentacled monstrosity
 23735 | Swamp:3  | 23735 ||| PLANNING SNAKE:4
 23890 | Snake:4  | Entered Level 4 of the Snake Pit
 23911 | Snake:4  | 23911 ||| INVOKING Finesse.
 23912 | Snake:4  | 23912 ||| INVOKING Heroism.
 23913 | Snake:4  | 23913 ||| DRINKING 3 potions of haste.
 23924 | Snake:4  | 23924 ||| RETREEEEATING.
 23925 | Snake:4  | 23925 ||| RETREEEEATING.
 23926 | Snake:4  | Received a gift from Okawaru
 23995 | Snake:4  | Reached skill level 24 in Ranged Weapons
 24152 | Snake:4  | Found a shadowy altar of Dithmenos.
 24178 | Snake:4  | 24178 ||| RETREEEEATING.
 24179 | Snake:4  | 24179 ||| RETREEEEATING.
 24180 | Snake:4  | 24180 ||| RETREEEEATING.
 24181 | Snake:4  | 24181 ||| RETREEEEATING.
 24182 | Snake:4  | 24182 ||| RETREEEEATING.
 24183 | Snake:4  | 24183 ||| RETREEEEATING.
 24184 | Snake:4  | 24184 ||| RETREEEEATING.
 24184 | Snake:4  | HP: 27/120 [guardian serpent (16)]
 24185 | Snake:4  | 24185 ||| READING 17 scrolls of teleportation.
 24185 | Snake:4  | HP: 7/120 [salamander/+0 glaive (14)]
 24185 | Snake:4  | Slain by a salamander

Levels and vault maps discovered:
D:1:      lemuel_arrival_river_ford, layout_loops_ring, minmay_misc_feat_rugged
D:2:      layout_basic
D:3:      layout_rooms
D:4:      layout_gridville, nicolae_ru_great_annihilating_truth, serial_shops,
          shop
D:5:      layout_basic
D:6:      layout_loops_ring, uniq_blork_the_orc
D:7:      layout_loops_ring, gammafunk_temple_overflow_wave,
          minmay_temple_entry_wispy
D:8:      layout_loops_ring, nicolae_dithmenos_through_a_glass_darkly,
          enter_bailey_3
D:9:      layout_loops_ring, grunt_temple_overflow_order_and_chaos_2,
          st_stairs_8, minmay_pinched_square
D:10:     layout_long_grid, hellmonk_lair_entry_icy,
          nicolae_trove_entry_isolated, uniq_maurice, uniq_joseph
D:11:     layout_basic, zombieorc1_lemuel
D:12:     layout_loops_ring, chequers_garden
D:13:     layout_loops_ring, hellmonk_vaults_order_and_chaos, amethyst_killhole,
          uniq_josephine
D:14:     minmay_the_grid_3x2 [minmay_the_grid_x, minmay_the_grid_embedded,
          minmay_the_grid_outer_circle, minmay_the_grid_garden,
          minmay_the_grid_minigrid_small_alt,
          minmay_the_grid_prize_shrinking_boxes], layout_rooms,
          bh_walls_and_bars, nicolae_kite_square_tiling_tiny,
          argonaut_gorgonesque
D:15:     hangedman_depths_entry_try_elsewhere_first, layout_basic,
          kiku_gazebo_garden_becter, glass_columns_c
Temple:   nicolae_temple_superstar
Lair:1:   layout_cave_pods, lemuel_fruit_tree, uniq_amaemon, uniq_maggie,
          uniq_jeremiah
Lair:2:   layout_long_grid
Lair:3:   layout_roguey, swamp_mist, guppyfry_snake_entry_garden,
          grunt_megastairs_5
Lair:4:   layout_cave_pods, slime_entry_2, nicolae_volcano_entry_vermiform,
          infiniplex_staircase_pool_2
Lair:5:   minmay_lair_end_enchanted_forest, layout_regular_city,
          nicolae_quartered_pool_little
Swamp:1:  layout_basic_swamp, nicolae_swamp_some_circles, swamp_pool_1_2
Swamp:2:  layout_falls_marsh, wheals_swamp_sinkhole
Swamp:3:  nzn_winding_woodlands_small [nzn_winding_woodlands_5x15_concentric,
          nzn_winding_woodlands_center_pierced_h,
          nzn_winding_woodlands_5x15_cabin], layout_basic_swamp,
          nicolae_swamp_little_tower, swamp_pool_4,
          nicolae_swamp_thats_no_hydra, uniq_louise
Snake:1:  layout_onion, hangedman_snake_sidewinding, uniq_aizul, uniq_agnes,
          uniq_donald
Snake:2:  layout_layer_cave, serial_shops, shop, drop_trap, uniq_jorgrun
Snake:3:  layout_misc_corridors, basic_altar, grunt_ministairs_2,
          nicolae_snake_bzzzt, minmay_shoptagon
Snake:4:  snake_pit_salamanders_mu, layout_cave_town, lemuel_altar_in_water2
Orc:1:    layout_caves, roderic_batcave
Orc:2:    st_orc_pillars, layout_caves, portal_ice_cave_rime, uniq_urug

Skill      XL: |  1  2  3  4  5  6  7  8  9 10 11 12 13 14 15 16 17 18 |
---------------+-------------------------------------------------------+-----
Ranged Weapons | 5 6 7 8 10 11 13 14 15 17 19 20 21 23 24 | 24.0
Armour         | 1 2 3 4 6 7 8 9 10 | 10.1
Fighting       | 3 4 5 6 8 9 10 11 13 14 15 16 | 16.2
Dodging        | 2 3 4 6 7 9 10 | 10.0
Invocations    | 4 8 10 | 10.0
Stealth        | |  1.1

Action                     |  1- 3 |  4- 6 |  7- 9 | 10-12 | 13-15 | 16-18 || total
---------------------------+-------+-------+-------+-------+-------+-------++-------
   Fire: Shortbow          |    46 |       |       |       |       |       ||    46
         Arbalest          |    25 |   113 |   242 |   408 |    91 |       ||   879
         Longbow           |       |       |       |       |   698 |       ||   698
         Triple crossbow   |       |       |       |       |    42 |   845 ||   887
 Invoke: Heroism           |       |       |     1 |     3 |     1 |     4 ||     9
         Finesse           |       |       |       |     6 |     4 |    11 ||    21
         Receive Weapon    |       |       |       |       |     1 |       ||     1
         Receive Armour    |       |       |       |       |     1 |       ||     1
  Evoke: Wand              |       |       |       |     4 |       |     9 ||    13
    Use: Scroll            |     7 |     8 |     6 |     5 |     6 |     4 ||    36
         Potion            |     2 |     2 |     7 |       |     3 |     1 ||    15
 Armour: Leather armour    |    12 |       |   144 |   333 |    56 |       ||   545
         Ring mail         |       |    80 |    85 |       |   194 |   219 ||   578
  Dodge: Dodged            |    13 |    64 |   186 |   451 |   447 |   315 ||  1476
  Block: Other             |       |       |    56 |   103 |   100 |    59 ||   318
         Reflection        |       |       |     6 |     5 |     9 |     5 ||    25

Table legend:
 A = Non-vault XP
 B = Vault XP
 C = Vault XP percentage of total XP
 D = Non-vault monster count
 E = Vault monster count
 F = Vault count percentage of total count
                 A         B        C        D         E       F
            +---------+---------+-------+---------+---------+-------
      Total |  176958 |  103011 |  36.8 |     681 |     312 |  31.4
            +---------+---------+-------+---------+---------+-------
        D:1 |      33 |       0 |   0.0 |      20 |       0 |   0.0
        D:2 |      24 |       0 |   0.0 |      14 |       0 |   0.0
        D:3 |     235 |       0 |   0.0 |      32 |       0 |   0.0
        D:4 |     233 |      41 |  15.0 |      20 |       4 |  16.7
        D:5 |     467 |       0 |   0.0 |      19 |       0 |   0.0
        D:6 |     808 |      94 |  10.4 |      24 |       1 |   4.0
        D:7 |    1157 |       0 |   0.0 |      24 |       0 |   0.0
        D:8 |     967 |       6 |   0.6 |      28 |       4 |  12.5
        D:9 |    2061 |    3940 |  65.7 |      15 |      16 |  51.6
       D:10 |    2314 |    2463 |  51.6 |      22 |       9 |  29.0
       D:11 |    3062 |     685 |  18.3 |      15 |      29 |  65.9
       D:12 |    8975 |       0 |   0.0 |      22 |       0 |   0.0
       D:13 |   10666 |    3582 |  25.1 |      32 |       8 |  20.0
       D:14 |    9033 |   14952 |  62.3 |      18 |      32 |  64.0
       D:15 |   10861 |    2936 |  21.3 |      22 |       4 |  15.4
     Lair:1 |    5180 |    1958 |  27.4 |      22 |       4 |  15.4
     Lair:2 |    6391 |    1962 |  23.5 |      34 |       8 |  19.0
     Lair:3 |    6761 |    3767 |  35.8 |      24 |       7 |  22.6
     Lair:4 |   12864 |     572 |   4.3 |      26 |       1 |   3.7
     Lair:5 |    9981 |    9025 |  47.5 |      37 |      45 |  54.9
    Swamp:1 |   10900 |       0 |   0.0 |      26 |       0 |   0.0
    Swamp:2 |   12510 |       0 |   0.0 |      18 |       0 |   0.0
    Swamp:3 |    8495 |   19249 |  69.4 |      22 |      24 |  52.2
    Snake:1 |   13185 |   17073 |  56.4 |      27 |      22 |  44.9
    Snake:2 |   10993 |    1959 |  15.1 |      22 |       1 |   4.3
    Snake:3 |   12054 |    5168 |  30.0 |      26 |      11 |  29.7
    Snake:4 |   13318 |       0 |   0.0 |      29 |       0 |   0.0
      Orc:1 |    1553 |      64 |   4.0 |      16 |       7 |  30.4
      Orc:2 |    1877 |   13515 |  87.8 |      25 |      75 |  75.0
            +---------+---------+-------+---------+---------+-------
